 Dungeon Crawl Stone Soup version 0.27.1-34-g3ba077fa99 (webtiles) character file.

Game seed: 2093491787821318443

167 Delamore the Sneak (level 5, 0/34 HPs)
             Began as an Octopode Brigand on Jan 30, 2022.
             Succumbed to Terence's poison
             ... on level 3 of the Dungeon.
             The game lasted 00:03:19 (3119 turns).

Delamore the Sneak (Octopode Brigand)               Turns: 3119, Time: 00:03:20

Health: 0/34       AC:  8    Str: 10    XL:     5   Next: 48%
Magic:  5/5        EV: 13    Int: 13    God:
Gold:   112        SH:  3    Dex: 15    Spells: 2/4 levels left

rFire    . . .     SeeInvis .   g - +0 dagger (protect)
rCold    + . .     Faith    .   m - +0 buckler
rNeg     . . .     Spirit   .   (helmet restricted)
rPois    .         Reflect  .   (no amulet)
rElec    .         Harm     .   p - ring of protection from cold
rCorr    .         Rampage  .   (no ring)
Will     .....                  (no ring)
Stlth    +++++.....             (no ring)
HPRegen  0.11/turn              (no ring)
MPRegen  0.09/turn              (no ring)
                                (no ring)
                                (no ring)

@: mighty, lethally poisoned (0 -> -8), under a protective aura, attractive
A: almost no armour, amphibious, 8 rings, camouflage 1, gelatinous body 1,
(nimble swimmer 1), tentacles
a: no special abilities


You were on level 3 of the Dungeon.
You visited 1 branch of the dungeon, and saw 3 of its levels.

You collected 112 gold pieces.

Inventory:

Hand Weapons
 a - a +2 dagger
 g - a +0 dagger of protection (weapon)
 l - a +2 dagger of pain
 u - a +1 dagger of holy wrath
Missiles
 b - 12 poisoned darts (quivered)
 c - 2 curare-tipped darts
Armour
 m - a +0 buckler (worn)
Jewellery
 e - a +6 ring of intelligence
 p - a ring of protection from cold (left tentacle)
Scrolls
 h - a scroll of magic mapping {unknown}
 n - a scroll of amnesia
 o - a scroll of torment {unknown}
 r - a scroll of identify {unknown}
 s - a scroll of enchant weapon {unknown}
 t - 2 scrolls of enchant armour {unknown}
 v - a scroll of immolation {unknown}
Potions
 f - a potion of heal wounds {unknown}
 j - a potion of attraction
 k - a potion of magic {unknown}
 q - a potion of ambrosia {unknown}


   Skills:
 - Level 2.0 Fighting
 + Level 3.2 Short Blades
 - Level 2.0 Throwing
 + Level 2.5 Dodging
 * Level 7.5 Stealth


You had 2 spell levels left.
You knew the following spells:

 Your Spells              Type           Power      Damage    Failure   Level
a - Blink                 Tloc           N/A        N/A       61%         2

Your spell library contained the following spells:

 Spells                   Type           Power      Damage    Failure   Level
 Ensorcelled Hibernation  Hex/Ice        0%         N/A       61%         2
 Lesser Beckoning         Tloc           0%         N/A       83%         3
 Spider Form              Tmut/Pois      0%         N/A       83%         3
 Manifold Assault         Tloc           0%         N/A       100%        5
 Shadow Creatures         Summ           N/A        N/A       100%        6


Dungeon Overview and Level Annotations

Branches:
Dungeon (3/15)

Altars:

Shops:
D:1 [


Innate Abilities, Weirdness & Mutations

You cannot wear most types of armour.
You are amphibious.
You can wear up to eight rings at the same time.
Your skin changes colour to match your surroundings (Stealth+).
Your rubbery body absorbs attacks. (AC +1, EV +1)
((You are camouflaged near water. (Stealth+)))
You have tentacles for arms and can constrict up to eight enemies at once.


Message History

You feel attractive to monsters.
* * * LOW HITPOINT WARNING * * *
You feel sick. Terence misses you. Terence is pulled toward you!
It was a potion of curing.
You feel better. Terence closely misses you.
It was a potion of might.
You feel very mighty all of a sudden.
Terence hits you with a +2 trident of venom!
* * * LOW HITPOINT WARNING * * *
You are lethally poisoned!
Okay, then.
You feel better. Terence completely misses you.
You barely miss Terence. Your grab misses Terence. Your squeeze misses Terence.
Terence is lightly wounded.
Terence hits you with a +2 trident of venom!
You are lethally poisoned!
You hit Terence.
Your weapon exudes an aura of protection.
Your grab misses Terence.
Terence is moderately wounded.
* * * LOW HITPOINT WARNING * * *
You feel very sick.
You completely miss Terence. You grab Terence.
Terence is moderately wounded.
You constrict Terence, but do no damage.
* * * LOW HITPOINT WARNING * * *
You feel very sick. You block Terence's attack.
You hit Terence. You squeeze Terence.
Terence is severely wounded.
You constrict Terence, but do no damage.
* * * LOW HITPOINT WARNING * * *
You feel sick. Terence misses you.
You hit Terence.
Terence is almost dead.
You constrict Terence, but do no damage.
* * * LOW HITPOINT WARNING * * *
You feel sick. Terence closely misses you.
You hit Terence.
You kill Terence!
You die...

.# .# ######## .#
.).....# #####.# ######.#
#.....###### #...##.#
##.##.......#
....##.######.#.#.#####..
.......>.....###).#
######.######.#.@##
#................#
#.####.#######.#.#
#.####.# #.#.#
.......#######...# #.#
#..............#.######
#.#
#.###########...........
#.# #.#
#######..#.####### #.#
..# #....†)....# #.#


There were no monsters in sight!

Vanquished Creatures
  Jessica (D:3)
  Terence (D:3)
  An orc wizard (D:3)
  4 adders
  2 worms
  5 dart slugs
  3 orcs (D:3)
  6 endoplasms
  4 giant cockroaches
  4 goblins
  2 hobgoblins
  9 kobolds
  2 quokkas (D:1)
  3 ball pythons
  6 bats
  2 frilled lizards
  10 rats
65 creatures vanquished.

Notes
Turn   | Place    | Note
-------+----------+-------------------------------------------
     0 | D:1      | Delamore the Octopode Brigand began the quest for the Orb.
     0 | D:1      | Reached XP level 1. HP: 14/14 MP: 1/1
    15 | D:1      | Found Lefen's Antique Armour Emporium.
   152 | D:1      | Reached XP level 2. HP: 19/19 MP: 2/2
   673 | D:1      | Reached skill level 6 in Stealth
  1098 | D:1      | Reached XP level 3. HP: 24/24 MP: 3/3
  1115 | D:1      | Found a faded altar of an unknown god.
  1819 | D:2      | Reached XP level 4. HP: 29/29 MP: 4/4
  2347 | D:3      | Noticed Jessica
  2357 | D:3      | Killed Jessica
  2358 | D:3      | Reached skill level 7 in Stealth
  2383 | D:3      | Reached XP level 5. HP: 34/34 MP: 5/5
  2592 | D:3      | Learned a level 2 spell: Blink
  3095 | D:3      | Noticed Terence
  3119 | D:3      | Killed Terence
  3119 | D:3      | Succumbed to Terence's poison

Illustrated notes

Levels and vault maps discovered:
D:1:      beargit_arrival_greenhouse, layout_basic,
          shapermc_ecumenical_altar_mp_urbaneastern, serial_shops, shop_statue
D:2:      layout_rooms, kennysheep_big_empty_room
D:3:      layout_loops_ring, uniq_jessica, uniq_terence

Skill      XL: |  1  2  3  4 |
---------------+-------------+-----
Stealth        | 6 7 |  7.5
Dodging        | 2 |  2.5
Short Blades   | 3 |  3.2
Fighting       | |  2.0
Throwing       | |  2.0

Action                   |  1- 3 |  4- 6 || total
-------------------------+-------+-------++-------
Melee: Dagger            |    67 |    96 ||   163
       Tentacles         |    20 |    17 ||    37
       Constrict         |    16 |    17 ||    33
Throw: Dart              |       |     1 ||     1
  Use: Scroll            |       |     3 ||     3
       Potion            |       |     4 ||     4
 Stab: Sleeping          |    11 |     9 ||    20
       Distracted        |       |     1 ||     1
Armor: Skin              |     5 |    21 ||    26
Dodge: Dodged            |    26 |    30 ||    56
Block: Buckler           |     1 |    14 ||    15
